 Dungeon Crawl Stone Soup version 0.30-a0-629-gd54f4be4f7 (webtiles) character file.

Game seed: 11382382802794095049

2458 Newt the Slicer (level 9, -10/68 HPs)
             Began as a Demonspawn Gladiator on Jan 12, 2023.
             Was an Initiate of Gozag.
             Mangled by a wyvern (15 damage)
             ... on level 7 of the Dungeon.
             The game lasted 00:07:03 (6397 turns).

Newt the Slicer (Demonspawn Gladiator)              Turns: 6397, Time: 00:07:04

Health: -10/68     AC:  4    Str: 17    XL:     9   Next: 26%
Magic:  9/9        EV: 12    Int:  9    God:    Gozag
Gold:   561        SH:  0    Dex: 17    Spells: 8/8 levels left

rFire   . . .      SeeInvis .    q - +1 quick blade (protect)
rCold   . . .      Faith    .    (no shield)
rNeg    . . .      Spirit   .    b - +0 leather armour
rPois   +          Reflect  .    c - +0 helmet
rElec   .          Harm     +    C - scarf {harm}
rCorr   .          Rampage  .    (no gloves)
Will    .....                    (no boots)
Stlth   +                        k - amulet of the acrobat
HPRegen 0.31/turn                F - ring of poison resistance
MPRegen 0.11/turn                (no ring)

@: confused
A: hooves 1, powered by death 1, demonic touch 2
a: Renounce Religion, Potion Petition, Call Merchant, Bribe Branch


You were on level 7 of the Dungeon.
You worshipped Gozag.
Gozag was pleased with you.
You visited 2 branches of the dungeon, and saw 8 of its levels.

You collected 687 gold pieces.
You paid 126 gold pieces to Gozag.

Inventory:

Hand Weapons
 a - a +0 rapier
 q - a +1 quick blade of protection (weapon)
Missiles
 d - 2 throwing nets (quivered)
 e - a javelin
 u - 2 atropa-tipped darts
Armour
 b - a +0 leather armour (worn)
 c - a +0 helmet (worn)
 g - a +0 buckler
 j - a +4 scale mail
 r - a +0 cloak
 C - a scarf of harm (worn)
Jewellery
 k - an amulet of the acrobat (around neck)
 E - a ring of fire
 F - a ring of poison resistance (left hand)
Wands
 y - a wand of iceblast (13)
Scrolls
 f - a scroll of immolation
 o - 2 scrolls of blinking
 t - a scroll of amnesia {unknown}
 v - a scroll of enchant armour {unknown}
 w - a scroll of magic mapping {unknown}
 x - 2 scrolls of vulnerability {unknown}
 A - a scroll of brand weapon {unknown}
 B - a scroll of fear {unknown}
 D - a scroll of identify
Potions
 h - a potion of resistance {unknown}
 i - 3 potions of flight
 l - 2 potions of ambrosia
 m - a potion of might
 n - 2 potions of curing
 p - 3 potions of brilliance
 s - a potion of attraction {unknown}
 z - a potion of degeneration {unknown}
 G - a potion of haste {unknown}


   Skills:
 - Level 5.0 Fighting
 - Level 8.0 Short Blades
 - Level 1.7 Throwing
 - Level 2.6 Dodging
 + Level 5.9 Stealth
 - Level 5.0 Unarmed Combat


You had 8 spell levels left.
You didn't know any spells.
Your spell library contained the following spells:

 Spells                   Type           Power      Damage    Failure   Level
 Magic Dart               Conj           0%         1d3       45%         1
 Call Imp                 Summ           0%         N/A       58%         2
 Dazzling Flash           Conj/Hex       0%         N/A       83%         3
 Mephitic Cloud           Conj/Pois/Air  0%         N/A       83%         3
 Passage of Golubria      Tloc           0%         N/A       99%         4
 Agony                    Necr           0%         N/A       100%        5
 Silence                  Hex/Air        0%         N/A       100%        5
 Lehudib's Crystal Spear  Conj/Erth      0%         10d2      100%        8


Dungeon Overview and Level Annotations

Branches:
Dungeon (7/15)             Temple (1/1) D:6

Altars:
Ashenzari
Cheibriados
Fedhas
Gozag
Hepliaklqana
Kikubaaqudgha
Okawaru
Qazlal
Sif Muna
Uskayaw
Vehumet
Xom

Shops:
D:3 (

Annotations:
D:5 1 runed translucent door


Innate Abilities, Weirdness & Mutations

You have large cloven feet.
You regenerate a little health from kills.
Your touch may inflict irresistible damage on your foes.


Message History

You punch the wyvern.
The wyvern is almost dead.
The wyvern closely misses you.
You hit the wyvern but do no damage. Your kick misses the wyvern.
The wyvern is almost dead.
You barely miss the wyvern.
The wyvern is almost dead.
The wyvern bites you!
The orc wizard gestures at you while chanting.
You are confused.
You are too confused!
You are too confused!
You are too confused!
You are too confused!
You are too confused!
You are too confused!
You are too confused!
You are too confused!
You are too confused!
You are too confused!
You are too confused!
You are too confused!
You are too confused!
You are too confused!
You are too confused!
You are too confused!
You are too confused!
You nearly stumble into some deep water!
The wyvern bites you but does no damage.
The wyvern bites you!
You nearly stumble into some deep water!
The wyvern bites you.
You nearly stumble into some deep water!
The wyvern barely misses you. The wyvern closely misses you.
You bump into the stone wall.
The wyvern bites you!
* * * LOW HITPOINT WARNING * * *
You bump into the stone wall.
The wyvern barely misses you. The wyvern bites you!
You die...
Your body crumbles into a pile of gold.

^.≈.# ...>.. #.≈.#
###### #.≈.#.# ###
#.≈. .≈.#.# #.. #.≈.
.≈.#.# #.# #.≈. #o≈.#
#.# #.≈.## #.≈.# #.#
#.≈... #l≈.####. #.#
#.≈≈≈≈ #@≈o.....
###.#
#.....#####.≈......
#....
≈.######......≈.###.#
###.#.#
≈.......≈≈≈≈≈≈≈.# #
#.....#
≈≈≈≈≈≈≈≈........#
#.#.###
####...#...#..###
#.#.# #.#.#..###.#
#.#.##
###.#.#..#.....
#....##
#........#.#.###
#.....#


You could see a wyvern, an orc wizard and an orc.

Vanquished Creatures
  The ghost of bande the Chopper, a novice GrFi (D:5)
  The ghost of dr0g0th the Poker, an amateur DsFi (D:7)
  A steam dragon (D:7)
  A water moccasin (D:6)
  A black bear (D:6)
  4 ice beasts (D:7)
  An ogre (D:4)
  A centaur (D:6)
  A phantom (D:5)
  2 bullfrogs (D:7)
  2 scorpions (D:5)
  A howler monkey (D:6)
  The ghost of hikkokomori the Shield-Bearer, a weakling GrFi (D:3)
  2 jellies
  2 orc priests (D:4)
  5 hounds
  3 iguanas
  A centaur simulacrum (D:7)
  A killer bee simulacrum (D:7)
  9 adders
  A river rat (D:5)
  6 white imps
  2 ufetubi (D:5)
  2 worms
  4 dart slugs
  17 orcs
  8 bats
  11 endoplasms
  5 giant cockroaches
  5 hobgoblins
  6 jackals
  3 kobolds
  4 quokkas
  8 ball pythons
  2 frilled lizards
  9 goblins
  7 rats
141 creatures vanquished.

Vanquished Creatures (others)
  43 plants (D:7)
  2 withered plants (D:3)
45 creatures vanquished.

Grand Total: 186 creatures vanquished

Notes
Turn   | Place    | Note
-------+----------+-------------------------------------------
     0 | D:1      | Newt the Demonspawn Gladiator began the quest for the Orb.
     0 | D:1      | Reached XP level 1. HP: 16/16 MP: 1/1
    68 | D:1      | Reached skill level 1 in Stealth
   266 | D:1      | Discovered your monstrous ancestry.
   266 | D:1      | Gained mutation: Your touch may inflict minor irresistible
                  | damage on your foes. [demonic ancestry]
   266 | D:1      | Reached XP level 2. HP: 17/22 MP: 2/2
   876 | D:2      | Gained mutation: Your touch may inflict irresistible damage
                  | on your foes. [demonic ancestry]
   876 | D:2      | Reached XP level 3. HP: 23/27 MP: 3/3
  1261 | D:2      | Reached skill level 1 in Unarmed Combat
  1695 | D:2      | Reached XP level 4. HP: 33/33 MP: 4/4
  1893 | D:3      | Found a runed translucent door.
  1893 | D:3      | Noticed hikkokomori's ghost (weakling GrFi)
  2294 | D:3      | Found Mutiy's Weapon Shop.
  2567 | D:3      | Killed hikkokomori's ghost
  2568 | D:3      | Gained mutation: You have large cloven feet. [demonic
                  | ancestry]
  2568 | D:3      | Reached XP level 5. HP: 24/38 MP: 5/5
  3127 | D:4      | Reached XP level 6. HP: 42/44 MP: 6/6
  3506 | D:4      | Found a shimmering blue altar of Sif Muna.
  3660 | D:5      | Entered Level 5 of the Dungeon
  3667 | D:5      | Reached skill level 5 in Unarmed Combat
  3936 | D:5      | Reached XP level 7. HP: 45/55 MP: 7/7
  4009 | D:5      | Found a blossoming altar of Fedhas.
  4221 | D:5      | Found an ancient bone altar of Kikubaaqudgha.
  4338 | D:5      | Found a runed translucent door.
  4343 | D:5      | Noticed bande's ghost (novice GrFi)
  4456 | D:5      | Reached skill level 5 in Fighting
  4456 | D:5      | Reached skill level 3 in Short Blades
  4604 | D:5      | Identified a scroll of acquirement
  4604 | D:5      | Acquired a +1 quick blade of protection
  4666 | D:5      | Found a runed translucent door.
  4765 | D:5      | HP: 3/84 [bande's ghost (7)]
  4783 | D:5      | Killed bande's ghost
  4784 | D:5      | Reached skill level 4 in Short Blades
  4784 | D:5      | Reached skill level 5 in Short Blades
  4784 | D:5      | Reached XP level 8. HP: 46/62 MP: 8/8
  4981 | D:6      | Found a staircase to the Ecumenical Temple.
  5042 | D:6      | Reached skill level 6 in Short Blades
  5096 | Temple   | Entered the Ecumenical Temple
  5190 | Temple   | Became a worshipper of Gozag Ym Sagoz the Greedy
  5225 | D:6      | Reached skill level 7 in Short Blades
  5552 | D:7      | Noticed dr0g0th's ghost (amateur DsFi)
  5794 | D:7      | Reached skill level 8 in Short Blades
  6043 | D:7      | Found a runed translucent gate.
  6044 | D:7      | Found a runed translucent gate.
  6045 | D:7      | Found a runed translucent gate.
  6068 | D:7      | Gained mutation: You regenerate a little health from kills.
                  | [demonic ancestry]
  6068 | D:7      | Reached XP level 9. HP: 40/68 MP: 9/9
  6099 | D:7      | Reached skill level 5 in Stealth
  6130 | D:7      | Killed dr0g0th's ghost
  6397 | D:7      | Mangled by a wyvern

Illustrated notes

Levels and vault maps discovered:
D:1:      heliophobic_arrival_battle_scene, layout_basic
D:2:      minmay_general_purpose_star, layout_basic
D:3:      layout_loops_cross, serial_shops, shop, gammafunk_ghost_grave,
          kennysheep_generic_room_12
D:4:      layout_loops_corners, nicolae_elyvilon_peaceful_grove,
          nicolae_sif_muna_little_library
D:5:      layout_basic, mainiacjoe_overflow_alcove_1, fedhas_altar_1,
          lemuel_doored_altar, ebering_ghost_sewer_f, minmay_misc_feat_alley
D:6:      layout_cave_pools, minmay_temple_entry_mini_moons
D:7:      layout_loops_ring, nicolae_overflow_squiral, gammafunk_ghost_icy,
          serial_bayou_lagoon_a, hangedman_decor_clover_reticule
Temple:   hellmonk_temple_rainy

Skill      XL: |  1  2  3  4  5  6  7  8  9 |
---------------+----------------------------+-----
Stealth        | 1 2 3 4 5 |  5.9
Unarmed Combat | 1 3 4 5 |  5.0
Fighting       | 4 5 |  5.0
Short Blades   | 5 8 |  8.0
Throwing       | |  1.7
Dodging        | |  2.6

Action                   |  1- 3 |  4- 6 |  7- 9 || total
-------------------------+-------+-------+-------++-------
Melee: Rapier            |   101 |   159 |    30 ||   290
       Touch             |     7 |    28 |    45 ||    80
       Punch             |       |     2 |    14 ||    16
       Kick              |       |    19 |    89 ||   108
       Quick blade       |       |       |   280 ||   280
Throw: Throwing net      |       |     1 |       ||     1
  Use: Scroll            |     2 |     4 |     5 ||    11
       Potion            |       |     2 |     9 ||    11
 Stab: Sleeping          |     6 |    15 |     2 ||    23
       Invisible         |       |     2 |     3 ||     5
       Held in net/web   |       |     1 |       ||     1
Armor: Leather armour    |    33 |    39 |    46 ||   118
       Skin              |       |       |    24 ||    24
Dodge: Dodged            |    60 |    94 |    93 ||   247
Block: Buckler           |    13 |       |       ||    13

Table legend: (Time is in decaauts)
 A = Elapsed time spent in this place.
 B = Non-inter-level travel time spent in this place.
 C = Inter-level travel time spent in this place.
 D = Time resting spent in this place.
 E = Time spent auto-exploring this place.
 F = Levels seen in this place.
 G = Mean time per level.
                   A        B        C        D        E       F      G
               +--------+--------+--------+--------+--------+-----+--------+
         Total |   6264 |   6018 |    246 |    467 |   4432 |   8 |  783.0 |
       Dungeon |   6161 |   5923 |    238 |    467 |   4349 |   7 |  880.1 |
        Temple |    102 |     94 |      8 |      0 |     83 |   1 |  102.0 |
               +--------+--------+--------+--------+--------+-----+--------+

Top non-repeatable levels by time:
     D:4: 1228 daAuts
     D:2: 964 daAuts
     D:5: 933 daAuts
     D:1: 878 daAuts
     D:3: 845 daAuts
     D:7: 791 daAuts
     D:6: 520 daAuts
  Temple: 102 daAuts
